 Dungeon Crawl Stone Soup version 0.28.0-43-g3370ac3207 (webtiles) character file.

Game seed: 4493444740918320752

157 GreyFruit the Ruffian (level 5, -5/42 HPs)
             Began as a Draconian Transmuter on Mar 23, 2022.
             Killed from afar by an orc wizard (7 damage)
             ... with a puff of flame
             ... on level 3 of the Dungeon.
             The game lasted 00:05:57 (3310 turns).

GreyFruit the Ruffian (Draconian Transmuter)        Turns: 3310, Time: 00:05:58

Health: -5/42      AC:  5    Str: 12    XL:     5   Next: 15%
Magic:  9/9        EV: 12    Int: 16    God:
Gold:   69         SH:  0    Dex: 11    Spells: 5/9 levels left

rFire   . . .      SeeInvis .     - Unarmed
rCold   . . .      Faith    .   (no shield)
rNeg    . . .      Spirit   .   (armour unavailable)
rPois   .          Reflect  .   (helmet currently unavailable)
rElec   .          Harm     .   g - scarf {+Inv}
rCorr   .          Rampage  .   (no gloves)
Will    .....                   (boots currently unavailable)
Stlth   +.........              (no amulet)
HPRegen 0.14/turn               (no ring)
MPRegen 0.11/turn               (no ring)

@: appendages (expiring), invisible, very slow
A: horns 2, talons 2, AC +5, unfitting armour, cold-blooded
a: End Transformation, Evoke Invisibility


You were on level 3 of the Dungeon.
You had temporarily grown beastly horns and talons.
You visited 1 branch of the dungeon, and saw 4 of its levels.

You collected 69 gold pieces.

Inventory:

Armour
 g - a scarf of invisibility (worn)
Scrolls
 b - 2 scrolls of identify {unknown}
 c - a scroll of teleportation {unknown}
 e - 2 scrolls of fog {unknown}
 f - a scroll of amnesia {unknown}
Potions
 d - a potion of invisibility
 h - a potion of mutation {unknown}


   Skills:
 + Level 2.5 Fighting
 + Level 2.7 Dodging
 + Level 3.7 Unarmed Combat
 + Level 2.7 Spellcasting
 + Level 2.9 Transmutations


You had 5 spell levels left.
You knew the following spells:

 Your Spells              Type           Power      Damage    Failure   Level
a - Beastly Appendage     Tmut           22%        N/A       6%          1
b - Spider Form           Tmut/Pois      6%         N/A       30%         3

Your spell library contained the following spells:

 Spells                   Type           Power      Damage    Failure   Level
 Wereblood                Tmut           11%        N/A       9%          2
 Gell's Gravitas          Tloc           2%         N/A       50%         3
 Lesser Beckoning         Tloc           2%         N/A       50%         3
 Teleport Other           Tloc           2%         N/A       50%         3
 Ice Form                 Ice/Tmut       6%         N/A       71%         4


Dungeon Overview and Level Annotations

Branches:
Dungeon (4/15)
 Temple: D:4-7

Altars:

Portals:
Sewer: D:3


Innate Abilities, Weirdness & Mutations

You have temporarily grown beastly horns and talons.
Your plain brown scales are hard. (AC +5)
You cannot fit into any form of body armour.
You are cold-blooded and may be slowed by cold attacks.


Message History

The orc closely misses you.
You hit the adder. Your kick misses the adder.
The adder is severely wounded.
The adder bites you but does no damage. Something hits you but does no damage.
The orc hits you but does no damage.
You completely miss the adder.
The adder is severely wounded.
The adder barely misses you. Something hits you but does no damage.
You closely miss the adder. Your kick misses the adder.
The adder is severely wounded.
The adder bites you but does no damage. The orc hits you with a +0 hand axe.
Something hits you but does no damage. The adder bites you.
You barely miss the adder. Your kick misses the adder.
The adder is severely wounded.
The orc hits you with a +0 hand axe. The adder bites you but does no damage.
Something hits you.
Your unstable footing causes you to fumble your attack.
The orc hits you with a +0 hand axe.
* * * LOW HITPOINT WARNING * * *
The adder bites you but does no damage. Something hits you but does no damage.
You closely miss the adder. Your headbutt misses the adder.
Your tail-slap misses the adder.
The adder is severely wounded.
The orc hits you with a +0 hand axe.
* * * LOW HITPOINT WARNING * * *
The adder closely misses you.
Your unstable footing causes you to fumble your attack.
Something hits you.
* * * LOW HITPOINT WARNING * * *
The adder misses you. The orc barely misses you.
You barely miss the adder. Your kick misses the adder. You tail-slap the adder.
You kill the adder!
Something hits you but does no damage. The orc hits you with a +0 hand axe.
* * * LOW HITPOINT WARNING * * *
Your transformation is almost over.
You see here an adder corpse.
You hear some strange, mumbled words.
A puff of flame appears from out of thin air!
The puff of flame hits you!
You die...

#..######...#.## #.# #..#
##....>## #.# #..#
#.##...####.###
...###.o#######.##.#..##....#
......rg.#.ro##....##.......#
.....##roo.#o####....##.....#
....# ####.#{# ##.....#.....#
.... ###§###............# ...
#@#.#.......#..... ..
#≈#..............#
#≈###.....<.#.....
#≈#.........#.....
#∩###............. #≈#
#.......###### ### ##.....##
# ##...## #. ##### #.


You could see 2 orcs and a quokka.

Vanquished Creatures
  Natasha (D:3)
  Robin (D:2)
  4 adders
  A worm (D:2)
  4 orcs (D:3)
  8 ball pythons
  8 endoplasms
  A giant cockroach (D:1)
  17 goblins
  6 hobgoblins
  6 jackals (D:2)
  A quokka (D:1)
  2 bats
  3 frilled lizards
  6 kobolds
  5 rats
74 creatures vanquished.

Vanquished Creatures (others)
  A plant (D:1)
1 creature vanquished.

Grand Total: 75 creatures vanquished

Notes
Turn   | Place    | Note
-------+----------+-------------------------------------------
     0 | D:1      | GreyFruit the Draconian Transmuter began the quest for the
                  | Orb.
     0 | D:1      | Reached XP level 1. HP: 16/16 MP: 3/3
   382 | D:1      | Reached XP level 2. HP: 23/23 MP: 3/5
  1121 | D:1      | Reached XP level 3. HP: 15/29 MP: 6/6
  1523 | D:2      | Noticed Robin
  1968 | D:2      | Killed Robin
  1989 | D:2      | Reached XP level 4. HP: 33/36 MP: 5/7
  2733 | D:2      | Learned a level 3 spell: Spider Form
  2934 | D:3      | Noticed Natasha
  2942 | D:3      | Killed Natasha
  2957 | D:3      | Reached XP level 5. HP: 27/42 MP: 9/9
  3081 | D:3      | You fall into a shaft and drop 1 floor!
  3286 | D:3      | Found a glowing drain.
  3307 | D:3      | HP: 1/42 [orc/+0 hand axe (3)]
  3310 | D:3      | Killed from afar by an orc wizard

Illustrated notes

Levels and vault maps discovered:
D:1:      minmay_arrival_cross, layout_loops_corners, minmay_shallow_snake_nest
D:2:      layout_basic, uniq_robin
D:3:      layout_rooms, portal_sewer_entry_d,
          dreamdust_ecumenical_altar_angels_and_demons, uniq_ijyb, uniq_natasha
D:4:      layout_basic, minmay_temple_entry_overgrown, serial_shops,
          shop_statue, uniq_pikel

Skill      XL: |  1  2  3 |
---------------+----------+-----
Dodging        | 2 |  2.7
Fighting       | 2 |  2.5
Unarmed Combat | |  3.7
Spellcasting   | |  2.7
Transmutations | |  2.9

Action                   |  1- 3 |  4- 6 || total
-------------------------+-------+-------++-------
Melee: Unarmed           |   118 |   105 ||   223
       Headbutt          |     8 |    10 ||    18
       Kick              |    22 |    22 ||    44
       Tailslap          |    10 |     7 ||    17
       Punch             |     5 |     1 ||     6
 Cast: Beastly Appendage |    22 |    13 ||    35
  Use: Potion            |       |     2 ||     2
 Stab: Sleeping          |       |     1 ||     1
Armor: Skin              |    44 |    47 ||    91
Dodge: Dodged            |    87 |    91 ||   178
